 Dungeon Crawl Stone Soup version 0.29.0-4-gdea44cf6ec (webtiles) character file.

Game seed: 12663675034966649428

1 qw the Sneak (level 1, -2/14 HPs)
             Began as a Gargoyle Delver on Sept 10, 2022.
             Slain by an orc
             ... wielding a +2 short sword of protection
              (3 damage)
             ... on level 4 of the Dungeon.
             The game lasted 00:00:02 (122 turns).

qw the Sneak (Gargoyle Delver)                       Turns: 122, Time: 00:00:03

Health: -2/14      AC:  5    Str: 15    XL:     1   Next: 20%
Magic:  1/1        EV: 11    Int: 10    God:
Gold:   22         SH:  0    Dex: 11    Spells: 0/0 levels left

rFire   . . .      SeeInvis .   Y - +0 hand axe
rCold   . . .      Faith    .   (no shield)
rNeg    + . .      Spirit   .   b - +0 leather armour
rPois   inf        Reflect  .   (no helmet)
rElec   +          Harm     .   (no cloak)
rCorr   .          Rampage  .   (no gloves)
Will    .....                   (no boots)
Stlth   +++.......              (no amulet)
HPRegen 0.04/turn               (no ring)
MPRegen 0.07/turn               (no ring)

@: no status effects
A: sickness immunity, AC +2, negative energy resistance 1, electricity
resistance, torment resistance 1, petrification resistance
a: no special abilities


You were on level 4 of the Dungeon.
You visited 1 branch of the dungeon, and saw 2 of its levels.

You collected 22 gold pieces.


Innate Abilities, Weirdness & Mutations

You are immune to sickness and miasma.
Your stone body is resilient. (AC +2)
You are immune to poison.
You resist negative energy. (rN+)
You are resistant to electric shocks. (rElec)
You are resistant to unholy torment.
You are immune to petrification.


   Skills:
 - Level 3.2 Fighting
 + Level 1.9 Axes
 - Level 1.5 Dodging
 - Level 5.4 Stealth


You couldn't memorise any spells.
You didn't know any spells.
Your spell library was empty.

Inventory:

Hand Weapons
 Y - a +0 hand axe (weapon)
Armour
 b - a +0 leather armour (worn)
Wands
 g - a wand of digging (3)
Scrolls
 a - a scroll of vulnerability {unknown}
 d - a scroll of enchant weapon {unknown}
Potions
 c - a potion of heal wounds {unknown}
 f - a potion of haste

Dungeon Overview and Level Annotations

Branches:
Dungeon (5/15)
 Temple: D:4-7

Altars:
Elyvilon


Message History

You climb upwards.
There is a stone staircase leading down here.
Existing waypoints: (2) D:5 Assign waypoint to what number? (0-9, D - delete waypoint) Waypoint 1 assigned to D:4.
a - a scroll labelled CILANN ZOUCVA You now have 22 gold pieces (gained 15).
c - a brown potion A ball python comes into view.
Found a scroll labelled BEZXOD ZOFF.
You closely miss the ball python. The ball python barely misses you. x2
You hit the ball python.
You kill the ball python!
d - a scroll labelled BEZXOD ZOFF You open the door.
Found a white marble altar of Elyvilon.
An orc comes into view.
It is wielding a +2 short sword of protection.
Enter note: The orc shouts!
An endoplasm comes into view.
116 ||| Stepping ~*~*~tactically~*~*~ (stealth).
118 ||| Stepping ~*~*~tactically~*~*~ (stealth).
The orc attacks as you move away! The orc barely misses you.
You hit the orc.
The orc is almost dead.
The orc hits you with a +2 short sword of protection.
You hit the orc but do no damage.
The orc is almost dead.
The orc hits you with a +2 short sword of protection.
You barely miss the orc.
The orc is almost dead.
The orc hits you but does no damage.
The orc hits you with a +2 short sword of protection.
The endoplasm quivers.
You hit the orc but do no damage.
The orc is almost dead.
The orc hits you with a +2 short sword of protection.
You die...

.# .. # J# ## #. .# ###
.# #. .# . ..# .# #.###
.###... ..# .##
###...###.......
..###..###......@oJ......
...........###.########..
###..#.###.###.#
#.#..#.......#
###.#..#.#.##..#
...>#......##..#
#####.##.####..#
......##.# #...
#####....####....


You could see an orc and an endoplasm.

Vanquished Creatures
  A ball python (D:4)
1 creature vanquished.

Notes
Turn   | Place    | Note
-------+----------+-------------------------------------------
     0 | D:5      | qw the Gargoyle Delver began the quest for the Orb.
     0 | D:5      | Reached XP level 1. HP: 14/14 MP: 1/1
     0 | D:5      | 0 ||| qw: Version: 0.1-a-116-g5d60599
     0 | D:5      | 0 ||| qw: Game counter: 8827
     0 | D:5      | 0 ||| qw: Always use a shield: true
     0 | D:5      | 0 ||| qw: God list: Okawaru
     0 | D:5      | 0 ||| qw: Allow faded altars: false
     0 | D:5      | 0 ||| qw: Do Orc after D:15 true
     0 | D:5      | 0 ||| qw: Do second Lair branch before Depths: true
     0 | D:5      | 0 ||| qw: Lair rune preference: random
     0 | D:5      | 0 ||| qw: Plans: Normal
     0 | D:5      | 0 ||| PLANNING D:1-11
    15 | D:5      | 15 ||| READING scroll labelled NUOSCHEGUNT.
    16 | D:5      | 16 ||| DROPPING scroll of fog.
    17 | D:5      | 17 ||| DROPPING scroll of magic mapping.
    18 | D:5      | 18 ||| DROPPING scroll of fear.
    84 | D:4      | Found a white marble altar of Elyvilon.
   116 | D:4      | 116 ||| Stepping ~*~*~tactically~*~*~ (stealth).
   118 | D:4      | 118 ||| Stepping ~*~*~tactically~*~*~ (stealth).
   121 | D:4      | HP: 1/14 [orc/+2 short sword of protection (3)]
   122 | D:4      | Slain by an orc

Levels and vault maps discovered:
D:4:      minmay_razor_zed, layout_loops_ring,
          mainiacjoe_overflow_surrounded_room
D:5:      layout_loops_ring, mainiacjoe_overflow_24_doors, portal_sewer_entry_e

Action                   || total
-------------------------++-------
Melee: Hand axe          ||     6
  Use: Scroll            ||     1
Armor: Leather armour    ||     1
Dodge: Dodged            ||     3

Table legend:
 A = Non-vault XP
 B = Vault XP
 C = Vault XP percentage of total XP
 D = Non-vault monster count
 E = Vault monster count
 F = Vault count percentage of total count
                 A         B        C        D         E       F
            +---------+---------+-------+---------+---------+-------
      Total |       2 |       0 |   0.0 |       1 |       0 |   0.0
            +---------+---------+-------+---------+---------+-------
        D:4 |       2 |       0 |   0.0 |       1 |       0 |   0.0
            +---------+---------+-------+---------+---------+-------
